 Dungeon Crawl Stone Soup version 0.27-a0-597-g524d869a0f (webtiles) character file.

Game seed: 8186568328651633217

375 siradein the Shield-Bearer (level 6, 0/62 HPs)
             Began as an Ogre Fighter on Mar 11, 2021.
             Was an Initiate of Trog.
             Slain by an orc
             ... wielding a +0 falchion
              (5 damage)
             ... on level 4 of the Dungeon.
             The game lasted 00:09:19 (4427 turns).

siradein the Shield-Bearer (Ogre Fighter)           Turns: 4427, Time: 00:09:20

Health: 0/62       AC:  3    Str: 21    XL:     6   Next: 72%
Magic:  6/6        EV:  8    Int:  9    God:    Trog [......]
Gold:   185        SH:  9    Dex: 10    Spells: 5/5 levels left

rFire    . . .     SeeInvis .   a - +0 trident
rCold    . . .     Faith    .   c - +0 kite shield
rNeg     . . .     Spirit   .   b - +0 robe
rPois    .         Reflect  .   (helmet restricted)
rElec    .         Harm     .   (no cloak)
rCorr    .         Rampage  .   (gloves unavailable)
Will     .....                  (boots unavailable)
Stlth    +.........             (no amulet)
HPRegen  0.20/turn              (no ring)
MPRegen  0.10/turn              (no ring)

@: no status effects
A: large, unfitting armour, tough skin 1
a: Renounce Religion


You were on level 4 of the Dungeon.
You worshipped Trog.
Trog was noncommittal.
You visited 2 branches of the dungeon, and saw 5 of its levels.

You collected 185 gold pieces.

Inventory:

Hand Weapons
 a - a +0 trident (weapon)
Missiles
 f - 5 large rocks (quivered)
Armour
 b - a +0 robe (worn)
 c - a +0 kite shield (worn)
Jewellery
 j - a ring of wizardry
 m - a ring of fire
Wands
 r - a wand of acid (7)
Scrolls
 e - 3 scrolls of identify {unknown}
 g - a scroll of random uselessness {unknown}
 h - 2 scrolls of teleportation
 i - 2 scrolls of fog {unknown}
 k - 2 scrolls of blinking {unknown}
 n - a scroll of amnesia {unknown}
 o - 2 scrolls of immolation {unknown}
Potions
 d - a potion of might
 l - 3 potions of curing {unknown}
 p - a potion of flight {unknown}
 q - a potion of brilliance {unknown}
 s - a potion of invisibility {unknown}


   Skills:
 - Level 4.0 Fighting
 + Level 5.0 Polearms
 - Level 2.6 Dodging
 + Level 5.0 Shields


You had 5 spell levels left.
You didn't know any spells.
Your spell library was empty.

Dungeon Overview and Level Annotations

Branches:
Dungeon (4/15)             Temple (1/1) D:4

Altars:
Ashenzari
Cheibriados
Elyvilon
Fedhas
Gozag
Hepliaklqana
Kikubaaqudgha
Makhleb
Nemelex Xobeh
Okawaru
Ru
Trog
Uskayaw
Vehumet
Wu Jian
Yredelemnul
Zin
The Shining One


Innate Abilities, Weirdness & Mutations

You are too large for most types of armour.
You have tough skin. (AC +1)


Message History

You struggle to resist.
The orc hits you with a +0 falchion.
You closely miss the orc priest.
The orc priest is almost dead.
The orc completely misses you. You block the orc priest's attack.
You block the orc's attack. The orc priest barely misses you.
You closely miss the orc priest.
The orc priest is almost dead.
The orc hits you with a +0 mace. The orc barely misses you.
You block the orc priest's attack.
You hit the orc priest but do no damage.
The orc priest is almost dead.
The orc closely misses you. The orc barely misses you.
You block the orc priest's attack.
You hit the orc priest but do no damage.
The orc priest is almost dead.
You block the orc's attack. The orc hits you with a +0 falchion.
The orc priest hits you with a +0 vampiric dagger.
You puncture the orc priest!
You kill the orc priest!
Trog accepts your kill. The orc closely misses you.
The orc hits you with a +0 mace.
Your Polearms skill increases to level 5!
You block the orc's attack.
You see here a +0 vampiric dagger.
The orc misses you.
The orc throws a boomerang.
The boomerang hits you but does no damage.
You hit the orc.
The orc is almost dead.
The orc throws a boomerang.
The boomerang hits you!
* * * LOW HITPOINT WARNING * * *
You block the orc's attack.
You closely miss the orc.
The orc is almost dead.
The orc hits you with a +0 mace!
* * * LOW HITPOINT WARNING * * *
The orc barely misses you.
You closely miss the orc.
The orc is almost dead.
You block the orc's attack. The orc hits you with a +0 falchion.
You die...

#......)#......#....
#..........#........
##..#.......#...##..#
##..........>....##.##
##...#.............#...
##....##.............###
#....###................
##.)####.........###.#.#
##)..o@..........#...##
#....o........#......##
#............###........
##......##..## #.....#.#
#.......##.## #....#.#.
#.......##..###...#.#.#
##....#####...###..#.>.
##.### #..#....#.#.#
#........#.#.


You could see 2 orcs.

Vanquished Creatures
  An ogre (D:4)
  A scorpion (D:4)
  2 orc priests
  A worker ant (D:3)
  An orc wizard (D:4)
  4 adders
  A white imp (D:4)
  2 oozes
  An adder skeleton (D:4)
  An adder zombie (D:3)
  A worm (D:2)
  2 dart slugs
  8 orcs
  2 ball pythons (D:1)
  3 giant cockroaches
  6 goblins
  4 hobgoblins (D:1)
  4 jackals
  5 quokkas
  2 bats
  3 frilled lizards
  5 kobolds
  A quokka skeleton (D:3)
  6 rats
67 creatures vanquished.

Notes
Turn   | Place    | Note
-------+----------+-------------------------------------------
     0 | D:1      | siradein the Ogre Fighter began the quest for the Orb.
     0 | D:1      | Reached XP level 1. HP: 24/24 MP: 1/1
   293 | D:1      | Reached XP level 2. HP: 25/32 MP: 2/2
   979 | D:2      | Reached XP level 3. HP: 39/39 MP: 3/3
  2055 | D:3      | Reached XP level 4. HP: 48/48 MP: 4/4
  2687 | D:3      | Reached XP level 5. HP: 54/54 MP: 5/5
  3086 | D:4      | Found a sparkling altar of Nemelex Xobeh.
  3306 | D:4      | Noticed an ogre
  3348 | D:4      | Killed an ogre
  3349 | D:4      | Reached XP level 6. HP: 26/62 MP: 6/6
  4199 | D:4      | Found a staircase to the Ecumenical Temple.
  4240 | Temple   | Entered the Ecumenical Temple
  4276 | Temple   | Became a worshipper of Trog the Wrathful
  4377 | D:4      | Reached skill level 5 in Shields
  4420 | D:4      | Reached skill level 5 in Polearms
  4427 | D:4      | Slain by an orc

Illustrated notes

Levels and vault maps discovered:
D:1:      onia_arrival_mini_spirals, layout_basic
D:2:      layout_rooms, grunt_ministairs_15
D:3:      layout_loops_ring
D:4:      cheibrodos_old_hovel, layout_cave_pools,
          nemelex_xobeh_ov_fountains_minmay, minmay_temple_entry_grid
Temple:   dpeg_three_leaves_temple

Skill      XL: |  1  2  3  4  5  6 |
---------------+-------------------+-----
Shields        | 3 4 5 |  5.0
Polearms       | 3 4 5 |  5.0
Fighting       | |  4.0
Dodging        | |  2.6

Action                   |  1- 3 |  4- 6 || total
-------------------------+-------+-------++-------
Melee: Trident           |   129 |   150 ||   279
  Use: Scroll            |     1 |       ||     1
 Stab: Sleeping          |     1 |       ||     1
Armor: Robe              |    40 |    20 ||    60
Dodge: Dodged            |    42 |    60 ||   102
Block: Kite shield       |    50 |    71 ||   121

Table legend: (Time is in decaauts)
 A = Elapsed time spent in this place.
 B = Non-inter-level travel time spent in this place.
 C = Inter-level travel time spent in this place.
 D = Time resting spent in this place.
 E = Time spent auto-exploring this place.
 F = Levels seen in this place.
 G = Mean time per level.
                   A        B        C        D        E       F      G
               +--------+--------+--------+--------+--------+-----+--------+
         Total |   4513 |   4460 |     53 |    717 |   2958 |   5 |  902.6 |
       Dungeon |   4466 |   4413 |     53 |    717 |   2930 |   4 | 1116.5 |
        Temple |     46 |     46 |      0 |      0 |     28 |   1 |   46.0 |
               +--------+--------+--------+--------+--------+-----+--------+

Top non-repeatable levels by time:
     D:3: 1530 daAuts
     D:4: 1054 daAuts
     D:1: 971 daAuts
     D:2: 910 daAuts
  Temple: 46 daAuts
